 Dungeon Crawl Stone Soup version 0.27.1-33-g824d729ab1 (webtiles) character file.

Game seed: 1428826057819881790

23 zeram the Sneak (level 2, -1/13 HPs)
             Began as a Spriggan Enchanter on Dec 30, 2021.
             Slain by a quokka (4 damage)
             ... on level 2 of the Dungeon.
             The game lasted 00:01:30 (1213 turns).

zeram the Sneak (Spriggan Enchanter)                Turns: 1213, Time: 00:01:31

Health: -1/13      AC:  2    Str:  4    XL:     2   Next: 72%
Magic:  6/6        EV: 14    Int: 16    God:
Gold:   9          SH:  0    Dex: 15    Spells: 5/6 levels left

rFire    . . .     SeeInvis +   a - +1 dagger
rCold    . . .     Faith    .   (shield restricted)
rNeg     . . .     Spirit   .   b - +0 robe
rPois    .         Reflect  .   (helmet restricted)
rElec    .         Harm     .   (no cloak)
rCorr    .         Rampage  .   (gloves unavailable)
Will     .....                  (boots unavailable)
Stlth    +++.......             (no amulet)
HPRegen  0.04/turn              (no ring)
MPRegen  0.10/turn              (no ring)

@: constricted, very quick
A: very small, no large weapons, unfitting armour, see invisible, speed 3
a: no special abilities


You were on level 2 of the Dungeon.
You visited 1 branch of the dungeon, and saw 2 of its levels.

You collected 9 gold pieces.

Inventory:

Hand Weapons
 a - a +1 dagger (weapon)
Armour
 b - a +0 robe (worn)
Scrolls
 c - 3 scrolls of identify {unknown}
 e - 2 scrolls of teleportation {unknown}
Potions
 d - 2 potions of might {unknown}


   Skills:
 - Level 1.1 Short Blades
 + Level 2.9 Dodging
 + Level 5.4 Stealth
 - Level 2.6 Spellcasting
 + Level 4.1 Hexes


You had 5 spell levels left.
You knew the following spells:

 Your Spells              Type           Power      Damage    Failure   Level
a - Corona                Hex            16%        N/A       3%          1

Your spell library contained the following spells:

 Spells                   Type           Power      Damage    Failure   Level
 Confusing Touch          Hex            15%        N/A       11%         3
 Tukima's Dance           Hex            15%        N/A       11%         3
 Ensorcelled Hibernation  Hex/Ice        16%        N/A       12%         2
 Sandblast                Erth           4%         2d4       19%         1
 Dazzling Flash           Conj/Hex       16%        N/A       24%         3
 Passwall                 Tmut/Erth      1%         N/A       28%         2
 Lee's Rapid Deconstruct  Erth           1%         3d5*      99%         5


Dungeon Overview and Level Annotations

Branches:
Dungeon (2/15)

Altars:


Innate Abilities, Weirdness & Mutations

You are very small and have problems with some larger weapons.
You are too small for most types of armour.
You have supernaturally acute eyesight. (SInv)
You cover ground extremely quickly. (Speed+++)


Message History

You see here a +0 hunting sling.
There is an escape hatch in the floor here.
Found a scroll labelled IGU YPTO LESAUSUM.
A ball python comes into view.
A ball python is nearby!
A ball python is nearby!
A ball python is nearby!
A quokka comes into view.
Found 7 gold pieces.
Found a stone staircase leading down.
A ball python comes into view. 2 hobgoblins come into view.
The hobgoblin shouts!
The ball python hisses angrily.
The quokka bites you.
The hobgoblin shouts!
You hit the ball python.
The ball python is heavily wounded.
The ball python misses you. The ball python grabs you.
The ball python constricts you. The quokka bites you.
You hit the ball python.
You kill the ball python!
The quokka barely misses you.
You completely miss the quokka. The quokka bites you.
You are too injured to fight recklessly!
You are too injured to fight recklessly!
You are too injured to fight recklessly!
You are too injured to fight recklessly!
You hit the quokka but do no damage. The quokka barely misses you.
The teleport trap disappears.
The hobgoblin disappears!
You closely miss the quokka. The quokka barely misses you.
The ball python barely misses you. The ball python grabs you.
The ball python constricts you.
You barely miss the quokka. The quokka misses you.
The ball python barely misses you. The ball python constricts you.
You miss the quokka. The ball python barely misses you.
The ball python constricts you. The quokka barely misses you.
You barely miss the quokka. The ball python closely misses you.
The ball python constricts you.
* * * LOW HITPOINT WARNING * * *
The quokka bites you.
You die...

.......#
#.......#######
.#####.#
#.#####........
.#####.###.#
#..#.#.##
.##........##
#....#
.##.##.###.#..
#....# .## #.#
#.##.##.#### ..
..# #.......#
... .###
######..####.#
..#.. #.@?....#
..#.. #gSr#####
#.##.. #.....#
#.......#
#...$..>..#
+.........+
#.........#
##.......##


You could see a quokka, a hobgoblin and a ball python.

Vanquished Creatures
  A dart slug (D:1)
  3 bats (D:1)
  4 endoplasms
  2 hobgoblins
  A kobold (D:1)
  2 quokkas (D:1)
  2 ball pythons
  A frilled lizard (D:1)
  A goblin (D:1)
  A rat (D:1)
18 creatures vanquished.

Notes
Turn   | Place    | Note
-------+----------+-------------------------------------------
     0 | D:1      | zeram the Spriggan Enchanter began the quest for the Orb.
     0 | D:1      | Reached XP level 1. HP: 9/9 MP: 5/5
   446 | D:1      | Found a faded altar of an unknown god.
   509 | D:1      | Reached XP level 2. HP: 13/13 MP: 6/6
   537 | D:1      | Reached skill level 5 in Stealth
  1213 | D:2      | Slain by a quokka

Illustrated notes

Levels and vault maps discovered:
D:1:      tarquinn_simple_flora_water_d, layout_loops_cross,
          chequers_ecumenical_altar_twisty
D:2:      layout_loops_corners, corexii_item_surrounded_by_moat

Skill      XL: |  1  2 |
---------------+-------+-----
Stealth        | 5 |  5.4
Hexes          | 4 |  4.1
Short Blades   | |  1.1
Dodging        | |  2.9
Spellcasting   | |  2.6

Action                   || total
-------------------------++-------
Melee: Dagger            ||    58
 Stab: Sleeping          ||     9
       Distracted        ||     1
Armor: Robe              ||     6
Dodge: Dodged            ||    45
